 Dungeon Crawl Stone Soup version 0.27-a0-1312-g5cdb2b3542 (webtiles) character file.

Game seed: 1347453904130845405

16420 bjtr the Fighter (level 12, -3/76 HPs)
             Began as a Gargoyle Venom Mage on June 21, 2021.
             Was a Priest of Vehumet.
             Slain by Rupert (36 damage)
             ... on level 12 of the Dungeon.
             The game lasted 01:39:06 (16471 turns).

bjtr the Fighter (Gargoyle Venom Mage)             Turns: 16471, Time: 01:39:06

Health: -3/76      AC: 28    Str: 14    XL:     12   Next: 37%
Magic:  12/24      EV: 21    Int: 21    God:    Vehumet [***...]
Gold:   243        SH: 11    Dex: 10    Spells: 17/28 levels left

rFire    + . .     SeeInvis .   V - +3 morningstar
rCold    . . .     Faith    .   Y - +2 buckler
rNeg     + . .     Spirit   .   S - +0 acid dragon scales
rPois    ∞         Reflect  +   c - +1 helmet
rElec    +         Harm     .   W - +1 cloak
rCorr    +         Rampage  .   o - +2 pair of gloves
Will     .....                  j - +1 pair of boots
Stlth    +++.......             L - amulet of reflection
HPRegen  0.22/turn              O - ring of the Hare {EV+8}
MPRegen  0.19/turn              N - ring of protection from fire

@: no status effects
A: sickness immunity, AC +8, negative energy resistance 1, electricity
resistance, torment resistance 1, petrification resistance, iridescent scales 1,
strong 1
a: Renounce Religion


You were on level 12 of the Dungeon.
You worshipped Vehumet.
Vehumet was most pleased with you.
You visited 2 branches of the dungeon, and saw 13 of its levels.

You collected 677 gold pieces.
You spent 434 gold pieces at shops.

Inventory:

Hand Weapons
 a - a +2 scythe of protection
 b - a +0 hand crossbow
 s - a +4 dagger of chaos
 E - a +0 dire flail
 J - a +3 quarterstaff of chaos
 K - a +4 great sword
 R - a +3 war axe
 V - a +3 morningstar (weapon)
 X - a +1 war axe of freezing
Missiles
 d - 77 poisoned darts (quivered)
 z - 8 curare-tipped darts
 B - 75 bolts
 Q - 4 boomerangs
Armour
 c - a +1 helmet (worn)
 j - a +1 pair of boots (worn)
 o - a +2 pair of gloves (worn)
 r - a +2 robe of willpower
 S - +0 acid dragon scales (worn)
 W - a +1 cloak (worn)
 Y - a +2 buckler (worn)
Jewellery
 f - a +6 ring of intelligence
 k - a +6 ring of intelligence
 n - a ring of wizardry
 v - a ring of resist corrosion
 L - an amulet of reflection (around neck)
 N - a ring of protection from fire (right hand)
 O - the ring of the Hare (left hand) {EV+8}
   (You found it on level 7 of the Dungeon)

   [ring of evasion]

   It affects your evasion (+8).
 P - a ring of positive energy
 U - an amulet of magic regeneration
Wands
 m - a wand of iceblast (5)
 p - a wand of flame (65)
 u - a wand of charming (8)
 F - a wand of acid (4)
 G - a wand of paralysis (2)
Scrolls
 g - a scroll of fear
 l - a scroll of enchant weapon
 t - a scroll of identify
 w - a scroll of magic mapping
 H - 2 scrolls of teleportation
 I - a scroll of immolation
Potions
 e - 3 potions of curing
 h - 5 potions of heal wounds
 i - a potion of might
 q - a potion of cancellation
 x - a potion of berserk rage
 A - a potion of haste
 D - 2 potions of flight


   Skills:
 * Level 9.1 Fighting
 + Level 6.0 Armour
 + Level 6.3 Dodging
 + Level 6.3 Stealth
 + Level 3.7 Shields
 + Level 8.7 Spellcasting
 * Level 3.0 Conjurations
 + Level 3.5 Transmutations
 * Level 3.2 Fire Magic
 + Level 2.5 Air Magic
 * Level 9.0 Poison Magic
 + Level 0.2 Evocations


You had 17 spell levels left.
You knew the following spells:

 Your Spells              Type           Power      Damage    Failure   Level
a - Sting                 Tmut/Pois      100%       1d8       1%          1
b - Mephitic Cloud        Conj/Pois/Air  29%        N/A       1%          3
c - Ignite Poison         Fire/Tmut/Pois 31%        N/A       1%          3
d - Olgreb's Toxic Radia  Pois           47%        N/A       1%          4

Your spell library contained the following spells:

 Spells                   Type           Power      Damage    Failure   Level
 Static Discharge         Conj/Air       20%        N/A       1%          2
 Poisonous Vapours        Pois/Air       66%        N/A       1%          2
 Animate Skeleton         Necr           18%        N/A       11%         1
 Pain                     Necr           36%        1d5       11%         1
 Vampiric Draining        Necr           4%         2d6       30%         3
 Animate Dead             Necr           4%         N/A       71%         4
 Agony                    Necr           9%         N/A       96%         5


Dungeon Overview and Level Annotations

Branches:
Dungeon (12/15)            Temple (1/1) D:4            Lair (0/6) D:10
    Orc (0/2) D:12

Altars:
Ashenzari
Cheibriados
Dithmenos
Elyvilon
Fedhas
Gozag
Hepliaklqana
Kikubaaqudgha
Makhleb
Nemelex Xobeh
Okawaru
Qazlal
Ru
Sif Muna
Trog
Uskayaw
Vehumet
Wu Jian
Xom
Yredelemnul
Zin
The Shining One
Beogh

Shops:
D:10 *[[

Annotations:
D:10 3 runed translucent doors, DemonSlayer's ghost, novice MiBe
D:12 Frances; Rupert


Innate Abilities, Weirdness & Mutations

You are immune to sickness and miasma.
Your stone body is resilient. (AC +8)
You are immune to poison.
You resist negative energy. (rN+)
You are resistant to electric shocks. (rElec)
You are resistant to unholy torment.
You are immune to petrification.
You are partially covered in iridescent scales. (AC +2)
Your muscles are strong. (Str +2)


Message History

Rupert is moderately wounded.
Rupert is engulfed in noxious fumes.
Unknown command.
Casting: Mephitic Cloud (safe; 1% risk of failure)
Confirm with . or Enter, or press ? or * to list all spells.
Aiming: Mephitic Cloud (safe; 1% risk of failure)
Press: ? - help, Shift-Dir - straight line, f/p - Rupert
Aim: Rupert, wielding a +5 triple sword of electrocution and wearing a +3 scale mail of fire resistance (noxious fumes, moderately wounded, covered in acid, chance to affect: 24%)
The ball explodes into a vile cloud!
The stinking cloud engulfs Rupert but does no damage.
Rupert is moderately wounded.
You block the goblin zombie's attack.
Rupert is engulfed in noxious fumes.
Unknown command.
You block the goblin zombie's attack.
Rupert roars madly and goes into a rage!
Rupert goes berserk!
Casting: Mephitic Cloud (safe; 1% risk of failure)
Confirm with . or Enter, or press ? or * to list all spells.
Aiming: Mephitic Cloud (safe; 1% risk of failure)
Press: ? - help, Shift-Dir - straight line, f/p - Rupert
Aim: Rupert, wielding a +5 triple sword of electrocution and wearing a +3 scale mail of fire resistance (moderately wounded, berserk, covered in acid, chance to affect: 24%)
The ball explodes into a vile cloud!
The stinking cloud engulfs Rupert but does no damage.
Rupert is moderately wounded.
Rupert is engulfed in noxious fumes.
The goblin zombie misses you.
Unknown command.
Rupert hits you but does no damage.
Rupert rages.
Frances mutters in a terrible tongue.
You block Rupert's attack. Rupert closely misses you.
Rupert rages.
Rupert hits you with a +5 triple sword of electrocution!!
You block Rupert's attack.
Rupert hits you with a +5 triple sword of electrocution!
Rupert barely misses you. You block Rupert's attack.
Rupert is no longer covered in acid.
Rupert hits you with a +5 triple sword of electrocution!!!
You die...

######## #..@...####
###.###....# ##### ###
#..........###...#####..
#..........#.#.........#
#....[...!.#.#....####..
#.......................
#...<......#.###########
#......@@..#.# #
#............##
############Z.# #..####
#...@.######.
#.###........
#..###.#####@.####
#.........#.##
#...........#


You could see Rupert (berserk) and a goblin zombie.

Vanquished Creatures
  A boulder beetle (D:11)
  A centaur warrior (D:8)
  A death knight (D:11)
  5 two-headed ogres
  A phantasmal warrior (D:11)
  Pikel (D:3)
  A deep elf pyromancer (D:12)
  2 manticores
  Maurice (D:9)
  Maggie (D:8)
  Psyche (D:12)
  2 unseen horrors
  3 freezing wraiths
  Prince Ribbit (D:9)
  2 hornets (D:10)
  Sigmund (D:4)
  9 yaks
  A shadow (D:12)
  Menkaure (D:4)
  A water moccasin (D:5)
  An acid dragon (D:12)
  A two-headed ogre zombie (D:12)
  3 orc warriors
  A sky beast (D:8)
  2 ice beasts
  3 black bears
  2 necrophages
  7 centaurs
  2 phantoms
  3 lemures
  4 kobold brigands
  A gnoll sergeant (D:5)
  2 bullfrogs
  A wyvern zombie (D:9)
  A scorpion (D:6)
  14 killer bees
  9 wights
  3 electric eels (D:10)
  2 howler monkeys
  3 centaur zombies
  6 hounds
  A bullfrog zombie (D:5)
  A jelly (D:6)
  3 orc priests (D:10)
  Crazy Yiuf (D:6)
  A gnoll shaman (D:8)
  2 centaur skeletons
  An iguana (D:4)
  8 orc wizards
  Ijyb (D:4)
  2 killer bee zombies
  6 ogre zombies (D:12)
  12 gnolls
  6 adders
  A river rat (D:4)
  3 shadow imps
  2 white imps (D:7)
  An adder skeleton (D:5)
  5 worms
  The ghost of flotson the Sneak, a weakling DsDe (D:5)
  5 dart slugs
  21 orcs
  4 endoplasms
  5 giant cockroaches
  7 goblins
  9 hobgoblins
  9 jackals
  24 kobolds
  5 quokkas
  8 ball pythons
  5 bats
  5 frilled lizards
  A goblin skeleton (D:12)
  A goblin zombie (D:12)
  2 hobgoblin skeletons (D:12)
  4 orc skeletons (D:12)
  15 orc zombies (D:12)
  6 rats
  A spectral orc (D:3)
303 creatures vanquished.

Vanquished Creatures (others)
  3 plants (D:10)
3 creatures vanquished.

Grand Total: 306 creatures vanquished

Notes
Turn   | Place    | Note
-------+----------+-------------------------------------------
     0 | D:1      | bjtr the Gargoyle Venom Mage began the quest for the Orb.
     0 | D:1      | Reached XP level 1. HP: 10/10 MP: 3/3
   176 | D:1      | Reached XP level 2. HP: 15/15 MP: 1/5
   598 | D:1      | Reached skill level 1 in Transmutations
   598 | D:1      | Reached XP level 3. HP: 10/19 MP: 3/6
   941 | D:1      | Found a faded altar of an unknown god.
  1483 | D:2      | Found a glowing silver altar of Zin.
  1871 | D:2      | Reached XP level 4. HP: 24/24 MP: 1/7
  2569 | D:3      | Found a broken altar of Ashenzari.
  2609 | D:3      | Reached skill level 1 in Fighting
  2663 | D:3      | Learned a level 3 spell: Mephitic Cloud
  2667 | D:3      | Learned a level 3 spell: Ignite Poison
  2951 | D:3      | Reached XP level 5. HP: 25/30 MP: 0/8
  3466 | D:3      | Found a basalt altar of Yredelemnul.
  3750 | D:4      | Noticed a lemure
  3774 | D:4      | Killed a lemure
  3809 | D:4      | Noticed Ijyb
  3830 | D:4      | Killed Ijyb
  3831 | D:4      | Reached XP level 6. HP: 23/35 MP: 2/10
  3966 | D:4      | Noticed Pikel
  4029 | D:4      | Found a staircase to the Ecumenical Temple.
  4050 | D:4      | Noticed Sigmund
  4050 | D:4      | Noticed a black bear
  4202 | D:4      | Found a shimmering blue altar of Sif Muna.
  4433 | D:4      | Found a shadowy altar of Dithmenos.
  4677 | D:4      | Noticed Menkaure
  4701 | D:4      | Killed Menkaure
  4702 | D:4      | Reached skill level 1 in Conjurations
  4702 | D:4      | Reached XP level 7. HP: 40/40 MP: 1/11
  4788 | D:3      | Killed Pikel
  4789 | D:3      | Reached skill level 5 in Poison Magic
  4789 | D:3      | Reached XP level 8. HP: 30/48 MP: 3/13
  5045 | D:4      | Killed Sigmund
  5046 | D:4      | Reached skill level 5 in Stealth
  5055 | D:4      | Learned a level 4 spell: Olgreb's Toxic Radiance
  5130 | D:4      | Reached skill level 1 in Fire Magic
  5138 | Temple   | Entered the Ecumenical Temple
  5823 | D:5      | Entered Level 5 of the Dungeon
  5866 | D:5      | Found a transporter.
  5873 | D:5      | Noticed flotson's ghost (weakling DsDe)
  5876 | D:5      | Found a transporter.
  5895 | D:5      | Reached skill level 1 in Air Magic
  6233 | D:5      | Found a glowing silver altar of Zin.
  6561 | D:5      | Reached skill level 1 in Armour
  7082 | D:6      | Reached skill level 5 in Fighting
  7082 | D:6      | Reached XP level 9. HP: 24/54 MP: 10/15
  7476 | D:6      | Reached skill level 5 in Spellcasting
  8596 | D:6      | Found a runed translucent door.
  8597 | D:6      | Noticed Crazy Yiuf
  8604 | D:6      | Killed Crazy Yiuf
  9006 | D:7      | Identified the +2 leather armour of the Yeti {Str+2 Dex+2}
  9261 | D:7      | Reached skill level 5 in Dodging
  9305 | D:7      | Found the ring of the Hare {EV+8}
  9673 | D:5      | Killed flotson's ghost
  9919 | D:8      | Noticed a two-headed ogre
  9932 | D:8      | Killed a two-headed ogre
  9933 | D:8      | Reached skill level 1 in Shields
  9933 | D:8      | Reached XP level 10. HP: 61/61 MP: 3/19
 10374 | D:8      | Found a bloodstained altar of Trog.
 10374 | D:8      | Found an iron altar of Okawaru.
 10379 | D:8      | Found a stormy altar of Qazlal.
 10396 | D:8      | Found a blossoming altar of Fedhas.
 10405 | D:8      | Found a radiant altar of Vehumet.
 10410 | D:8      | Became a worshipper of Vehumet
 10521 | D:8      | Found a hide-covered altar of Uskayaw.
 10677 | D:8      | Noticed a centaur warrior
 10701 | D:8      | Killed a centaur warrior
 10775 | D:8      | Noticed Maggie
 10780 | D:8      | Killed Maggie
 11008 | D:9      | Noticed Maurice
 11013 | D:9      | Killed Maurice
 11014 | D:9      | Reached XP level 11. HP: 67/67 MP: 11/21
 11526 | D:9      | Found a hazy altar of Hepliaklqana.
 11610 | D:9      | Reached * piety under Vehumet
 11610 | D:9      | Offered knowledge of Magic Dart by Vehumet.
 11784 | D:9      | Noticed Prince Ribbit
 11800 | D:9      | Killed Prince Ribbit
 12095 | D:10     | Entered Level 10 of the Dungeon
 12108 | D:10     | Found Zobil's Assorted Antiques.
 12123 | D:10     | Bought a small garnet ring for 120 gold pieces
 12123 | D:10     | Bought a scroll labelled DYOCUR KUDOXTYS for 24 gold pieces
 12123 | D:10     | Bought 2 white potions for 43 gold pieces
 12207 | D:10     | Found a runed translucent gate.
 12207 | D:10     | Found a runed translucent gate.
 12207 | D:10     | Found a runed translucent gate.
 12208 | D:10     | Noticed a ten-headed hydra
 12209 | D:10     | Noticed DemonSlayer's ghost (novice MiBe)
 12209 | D:10     | Noticed a 12-headed hydra
 12215 | D:10     | Found a staircase to the Lair.
 12588 | D:10     | Found an opulent altar of Gozag.
 12699 | D:10     | Found Maceh's Armour Emporium.
 12804 | D:10     | Found Vudwyr's Antique Armour Emporium.
 13062 | D:10     | Bought a +2 buckler for 247 gold pieces
 13137 | D:11     | Noticed a boulder beetle
 13142 | D:11     | Noticed a two-headed ogre
 13144 | D:11     | Noticed a manticore
 13146 | D:11     | Killed a boulder beetle
 13433 | D:11     | Noticed a phantasmal warrior
 13671 | D:11     | Noticed a death knight
 13876 | D:11     | Killed a manticore
 13884 | D:11     | Killed a two-headed ogre
 14103 | D:11     | Noticed a two-headed ogre
 14109 | D:11     | Killed a two-headed ogre
 14646 | D:11     | Noticed a two-headed ogre
 14659 | D:11     | Killed a two-headed ogre
 14823 | D:12     | Noticed a two-headed ogre
 14830 | D:12     | Killed a two-headed ogre
 14831 | D:12     | Reached skill level 5 in Armour
 14831 | D:12     | Reached XP level 12. HP: 75/75 MP: 10/24
 14872 | D:12     | Noticed Frances
 15382 | D:11     | Killed a death knight
 15539 | D:12     | Noticed Rupert
 15539 | D:12     | Paralysed by Rupert for 2 turns
 15550 | D:12     | Paralysed by Rupert for 4 turns
 15575 | D:12     | Identified the +0 robe of Kuepyg {SInv}
 15690 | D:12     | Noticed Psyche
 15701 | D:12     | Killed Psyche
 15727 | D:12     | Offered knowledge of Sandblast by Vehumet.
 15729 | D:12     | Reached ** piety under Vehumet
 15983 | D:12     | Found a staircase to the Orcish Mines.
 16058 | D:12     | Offered knowledge of Static Discharge by Vehumet.
 16144 | D:12     | Reached *** piety under Vehumet
 16374 | D:12     | Gained mutation: Your muscles are strong. (Str +2) [potion
                  | of mutation]
 16374 | D:12     | Gained mutation: You are partially covered in iridescent
                  | scales. (AC +2) [potion of mutation]
 16442 | D:12     | Paralysed by Rupert for 4 turns
 16471 | D:12     | Slain by Rupert

Illustrated notes

Levels and vault maps discovered:
D:1:      minmay_arrival_open_corners, layout_basic, basic_ecumenical_altar
D:2:      layout_basic, basic_altar
D:3:      layout_rooms, yredelemnul_forgotten_temple_becter, ashenzari_altar_1,
          kennysheep_nondescript
D:4:      layout_loops_ring, kennysheep_orc_sif_temple,
          grunt_dithmenos_smoke_and_mirrors, minmay_temple_entry_statues,
          portal_sewer_entry_c, uniq_menkaure, uniq_pikel, uniq_ijyb,
          uniq_sigmund
D:5:      layout_basic, lemuel_tele_altar, gammafunk_ghost_mausoleum
D:6:      layout_basic, uniq_crazy_yiuf_cottage
D:7:      layout_loops_ring
D:8:      layout_loops_ring, chequers_temple_overflow_minitemple,
          minmay_ruined_shrine, uniq_maggie
D:9:      layout_loops_ring, lemuel_round_altar, uniq_prince_ribbit1,
          uniq_maurice
D:10:     layout_big_octagon, grunt_gozag_statues, gammafunk_ghost_hydra_chop,
          serial_shops, nicolae_shop_crystal, shop, nicolae_shop_waterfront,
          david_defended_altar_orc
D:11:     layout_layer_cave
D:12:     layout_rooms, zombieorc2_lemuel, serial_shops, shop, uniq_rupert,
          uniq_psyche, uniq_frances
Temple:   cyrus_temple_forest

Skill      XL: |  1  2  3  4  5  6  7  8  9 10 11 12 |
---------------+-------------------------------------+-----
Transmutations | 1 2 3 |  3.5
Poison Magic   | 4 5 6 7 8 9 |  9.0
Fighting       | 1 2 3 5 6 7 8 9 |  9.1
Dodging        | 2 3 5 6 |  6.3
Stealth        | 3 4 5 6 |  6.3
Spellcasting   | 3 4 6 7 8 |  8.7
Conjurations   | 1 2 3 |  3.0
Fire Magic     | 1 2 3 |  3.2
Air Magic      | 1 2 |  2.5
Armour         | 2 3 5 6 |  6.0
Shields        | 1 2 3 |  3.7
Evocations     | |  0.2

Action                   |  1- 3 |  4- 6 |  7- 9 | 10-12 || total
-------------------------+-------+-------+-------+-------++-------
Melee: Unarmed           |     4 |       |       |       ||     4
       Club              |   101 |     8 |       |       ||   109
       Dagger            |       |   175 |    29 |       ||   204
       Scythe            |       |       |   263 |   178 ||   441
       Morningstar       |       |       |       |   127 ||   127
 Fire: Hand crossbow     |       |       |     4 |       ||     4
Throw: Throwing net      |       |       |       |     1 ||     1
 Cast: Sting             |    46 |    15 |     4 |     7 ||    72
       Mephitic Cloud    |       |    16 |    18 |    55 ||    89
       Ignite Poison     |       |     4 |    13 |    46 ||    63
       Olgreb's Toxic Ra |       |       |    12 |    39 ||    51
Evoke: Wand              |       |       |       |     9 ||     9
  Use: Scroll            |       |    12 |       |    16 ||    28
       Potion            |       |       |       |     4 ||     4
 Stab: Sleeping          |     1 |     4 |     3 |     2 ||    10
       Confused          |       |    10 |    10 |     2 ||    22
       Distracted        |       |     1 |     1 |     1 ||     3
Armor: Robe              |    50 |    75 |     1 |       ||   126
       Leather armour    |       |       |   287 |    24 ||   311
       Acid dragon scale |       |       |       |   147 ||   147
Dodge: Dodged            |   100 |    87 |   344 |   427 ||   958
Block: Other             |       |       |    24 |    97 ||   121
       Reflection        |       |       |       |     6 ||     6
       Buckler           |       |       |       |   102 ||   102

Table legend: (Time is in decaauts)
 A = Elapsed time spent in this place.
 B = Non-inter-level travel time spent in this place.
 C = Inter-level travel time spent in this place.
 D = Time resting spent in this place.
 E = Time spent auto-exploring this place.
 F = Levels seen in this place.
 G = Mean time per level.
                   A        B        C        D        E       F      G
               +--------+--------+--------+--------+--------+-----+--------+
         Total |  17007 |  16177 |    830 |   3574 |   8689 |  13 | 1308.2 |
       Dungeon |  16879 |  16074 |    805 |   3574 |   8588 |  12 | 1406.6 |
        Temple |    127 |    102 |     25 |      0 |    101 |   1 |  127.0 |
               +--------+--------+--------+--------+--------+-----+--------+

Top non-repeatable levels by time:
     D:6: 1846 daAuts
    D:11: 1747 daAuts
     D:4: 1573 daAuts
    D:10: 1525 daAuts
     D:5: 1430 daAuts
     D:2: 1429 daAuts
     D:1: 1416 daAuts
     D:3: 1344 daAuts
     D:9: 1220 daAuts
     D:8: 1210 daAuts
    D:12: 1150 daAuts
     D:7: 984 daAuts
  Temple: 127 daAuts
